 Dungeon Crawl Stone Soup version 0.21.0 (webtiles) character file.

791 tidbits the Skirmisher (level 7, -6/56 HPs)
             Began as a Barachi Skald on Jan 6, 2018.
             Was a Follower of Wu Jian.
             Mangled by a crocodile (15 damage)
             ... on level 6 of the Dungeon.
             The game lasted 00:18:41 (2230 turns).

tidbits the Skirmisher (Barachi Skald)              Turns: 2230, Time: 00:18:42

Health: -6/56      AC:  3    Str: 12    XL:     7   Next: 88%
Magic:  0/13       EV: 13    Int: 15    God:    Wu Jian [*.....]
Gold:   89         SH:  0    Dex: 12    Spells: 2/14 levels left

rFire    . . .     SeeInvis .   d - +2 dagger (venom)
rCold    . . .     Gourm    .   (no shield)
rNeg     . . .     Faith    .   b - +0 leather armour
rPois    .         Spirit   .   (no helmet)
rElec    .         Reflect  .   (no cloak)
rCorr    .         Harm     .   (no gloves)
MR       .....                  (no boots)
Stlth    ++........             (no amulet)
HPRegen  0.18/turn              (no ring)
MPRegen  0.13/turn              (no ring)

@: very slightly contaminated, slow
A: +LOS, swims, slowness 1, strong legs 1
a: Hop, Renounce Religion


You were on level 6 of the Dungeon.
You worshipped Wu Jian.
Wu Jian was aware of your devotion.
You were not hungry.

You visited 2 branches of the dungeon, and saw 7 of its levels.

You collected 271 gold pieces.
You spent 182 gold pieces at shops.

Inventory:

Hand Weapons
 a - a +2 long sword of freezing
   (You bought it in a shop on level 6 of the Dungeon)
 d - a +2 dagger of venom (weapon)
   (You took it off a kobold on level 1 of the Dungeon)
 h - a +0 dagger
 k - a +0 falchion
 t - a +0 hunting sling
 w - a +1 hunting sling of flaming
   (You found it on level 4 of the Dungeon)
 C - a +0 short sword of speed
   (You took it off a kobold on level 3 of the Dungeon)
 E - a +0 long sword
Missiles
 f - 10 arrows
 u - 16 stones
 B - 4 steel tomahawks (quivered)
 D - 6 javelins
Armour
 b - a +0 leather armour (worn)
 o - a +0 shield
Jewellery
 j - an uncursed ring of ice
   (You found it on level 3 of the Dungeon)
Wands
 y - a wand of iceblast (3)
Scrolls
 e - 3 scrolls of identify {unknown}
 i - 2 scrolls of teleportation {unknown}
 l - a scroll of enchant armour {unknown}
 m - a scroll of noise {unknown}
 q - 2 scrolls of remove curse
 r - a scroll of amnesia {unknown}
Potions
 g - 3 potions of curing
 n - a potion of lignification {unknown}
 s - a potion of brilliance {unknown}
 x - a potion of mutation {unknown}
 z - a potion of ambrosia {unknown}
 A - a potion of agility {unknown}
Books
 c - a book of Battle

   Spells                             Type                      Level
   a - Infusion                       Charms                       1
   b - Shroud of Golubria             Charms/Translocation         2
   c - Song of Slaying                Charms                       2
   d - Spectral Weapon                Hexes/Charms                 3
   e - Regeneration                   Charms/Necromancy            3
 p - a book of Necromancy
   (You found it on level 3 of the Dungeon)

   Spells                             Type                      Level
   a - Pain                           Necromancy                   1
   b - Animate Skeleton               Necromancy                   1
   c - Vampiric Draining              Necromancy                   3
   d - Regeneration                   Charms/Necromancy            3
   e - Animate Dead                   Necromancy                   4
   f - Borgnjor's Vile Clutch         Necromancy/Earth             5
Comestibles
 v - 8 rations
 F - 2 chunks of flesh


   Skills:
 - Level 5.4 Fighting
 + Level 4.5 Long Blades
 - Level 1.2 Armour
 - Level 4.9 Dodging
 - Level 3.2 Stealth
 - Level 4.4 Spellcasting
 - Level 3.2 Charms


You had 2 spell levels left.
You knew the following spells:

 Your Spells              Type           Power        Failure   Level  Hunger
g - Shroud of Golubria    Chrm/Tloc      #.........   17%         2    ##.....
i - Infusion              Chrm           ##..         6%          1    None
n - Animate Skeleton      Necr           N/A          22%         1    None
r - Regeneration          Chrm/Necr      #.........   32%         3    ###....
w - Spectral Weapon       Hex/Chrm       #.......     32%         3    ###....
y - Song of Slaying       Chrm           ##......     9%          2    ##.....


Dungeon Overview and Level Annotations

Branches:
Dungeon (6/15)             Temple (1/1) D:4

Altars:
Cheibriados
Dithmenos
Elyvilon
Fedhas
Hepliaklqana
Makhleb
Nemelex Xobeh
Qazlal
Sif Muna
Trog
Uskayaw
Vehumet
Wu Jian
Xom
Yredelemnul
Zin
The Shining One

Shops:
D:6 (


Innate Abilities, Weirdness & Mutations

Shadows flee at your approach. (+LOS)
You can swim through water.
You cover ground slowly.
You can hop short distances.


Message History

The worker ant is almost dead.
You kill the worker ant!
The Council accepts your kill.
Unknown command.
Evoke which item? (* to show all) (? for menu, Esc to quit)
Aiming: Iceblast
Press: ? - help, Shift-Dir - straight line, f - orc wizard
Aim: an orc wizard, wielding an enchanted dagger and wearing a robe Really fire at your orc skeleton?
The mass of ice explodes!
The iceblast engulfs something.
The Council accepts your kill.
Your Long Blades skill increases to level 4!
You feel a bit more experienced.
The iceblast engulfs the orc wizard.
The orc wizard is lightly wounded.
The iceblast engulfs you!
* * * LOW HITPOINT WARNING * * *
You are feeling hungry.
Unknown command.
You barely miss the orc wizard.
The orc wizard is lightly wounded.
Your orc skeleton barely misses the orc.
Something hits you but does no damage.
The orc wizard points at you and mumbles some strange words.
The puff of flame hits you!
* * * LOW HITPOINT WARNING * * *
You feel better.
Your shroud bends something's attack away.
The orc wizard hits you but does no damage.
Something hits your orc skeleton.
Your orc skeleton is destroyed!
You hit the orc wizard.
The orc wizard is poisoned.
The orc wizard is moderately wounded.
The orc wizard misses you.
You hear some strange, mumbled words.
A puff of flame appears from out of thin air!
The puff of flame hits you!
* * * LOW HITPOINT WARNING * * *
You hit the orc wizard.
The orc wizard looks as sick as possible!
The orc wizard is severely wounded.
The orc wizard misses you.
Your shroud bends something's attack away.
You hit the orc wizard but do no damage.
The orc wizard looks as sick as possible!
The orc wizard is severely wounded.
You kill the orc wizard!
The Council accepts your kill. Something hits you but does no damage.
You completely miss the orc.
Your shroud begins to fray at the edges.
Something hits you but does no damage. The orc hits you but does no damage.
You hit the orc.
The orc is poisoned.
The orc is moderately wounded.
Your shroud bends something's attack away.
You hit the orc but do no damage.
The orc looks as sick as possible!
The orc is moderately wounded.
Your shroud bends the orc's attack away.
You hear some strange, mumbled words.
A magic dart appears from out of thin air!
The magic dart hits you!
* * * LOW HITPOINT WARNING * * *
You hit something but do no damage.
You kill the orc!
The Council accepts your kill. x2
You feel a bit more experienced.
Things that are here:
a dagger; a robe Unknown command.
Items here: )) [[ †† Butcher a worker ant corpse? [(y)es/(c)hoosy/(n)o/(a)ll/(e)dible/(q)uit/?]
Okay, then.
Unknown command.
Butcher a worker ant corpse? [(y)es/(c)hoosy/(n)o/(a)ll/(e)dible/(q)uit/?]
Butcher an orc corpse? [(y)es/(c)hoosy/(n)o/(a)ll/(e)dible/(q)uit/?]
Okay, then.
You butcher the worker ant corpse.
Your shroud unravels.
Items here: % )) [[ † Unknown command.
Eat one of 3 chunks of flesh? (ye/n/q)
You eat one of the 3 chunks of flesh.
This raw flesh tastes terrible.
A crocodile comes into view.
Things that are here:
a dagger; a robe
Items here: % )) [[ †
Okay, then.
F - 2 chunks of flesh
Things that are here:
a dagger; a robe
Casting: Shroud of Golubria
Confirm with . or Enter, or press ? or * to list all spells.
You miscast Regeneration.
Nothing appears to happen.
Items here: )) [[ † a dagger; a ring mail; an enchanted dagger; a robe; an orc corpse
Okay, then.
As you read the scroll labeled SEIMPI ULEOFASCH, it crumbles to dust.
You feel blessed for a moment.
It was a scroll of remove curse.
The crocodile bites you!
You die...

####....#.......# #
#....#.......# ♣
######......♣♣♣♣♣♣≈≈♣♣
#....†.P♣P≈≈.≈≈≈♣
###......%)≈≈≈≈≈.≈≈
#.......#)♣P♣♣≈≈≈♣♣
+....⌠.⌠.♣♣♣♣♣ ♣
#.....∩..)♣..♣
#....⌠.⌠.t@)♣♣
#.......†####
########.....♣
.......... .....?.....
..t.........
#....(.......
#.......####.
#.....#.#


You could see a crocodile.

Vanquished Creatures
  An ice beast (D:5)
  An ogre (D:4)
  A crimson imp (D:2)
  A centaur zombie (D:5)
  3 hounds
  2 iguanas (D:4)
  2 worker ants
  8 orc wizards
  5 adders
  An ooze (D:1)
  4 worms
  2 dart slugs
  4 leopard geckos
  9 orcs
  8 bats
  5 giant cockroaches
  5 goblins
  8 hobgoblins
  6 jackals (D:2)
  8 kobolds
  4 quokkas
  8 frilled lizards
  8 rats
104 creatures vanquished.

Vanquished Creatures (collateral kills)
  2 giant cockroaches
2 creatures vanquished.

Grand Total: 106 creatures vanquished

Notes
Turn   | Place    | Note
-------+----------+-------------------------------------------
     0 | D:1      | tidbits the Barachi Skald began the quest for the Orb.
     0 | D:1      | Reached XP level 1. HP: 17/17 MP: 3/3
   262 | D:1      | Reached XP level 2. HP: 23/23 MP: 2/5
   264 | D:1      | Reached skill level 3 in Spellcasting
   272 | D:1      | Learned a level 2 spell: Song of Slaying
   275 | D:1      | Learned a level 2 spell: Shroud of Golubria
   439 | D:2      | Reached XP level 3. HP: 9/28 MP: 0/8
   451 | D:2      | Learned a level 3 spell: Regeneration
   680 | D:3      | Reached skill level 4 in Spellcasting
   733 | D:3      | Reached XP level 4. HP: 15/34 MP: 1/10
   810 | D:3      | Learned a level 3 spell: Spectral Weapon
  1043 | D:2      | Reached skill level 3 in Fighting
  1210 | D:2      | Reached skill level 1 in Stealth
  1210 | D:2      | Reached XP level 5. HP: 23/41 MP: 0/11
  1282 | D:2      | Reached skill level 2 in Stealth
  1616 | D:5      | Entered Level 5 of the Dungeon
  1647 | D:5      | Found a white marble altar of Elyvilon.
  1690 | D:4      | Learned a level 1 spell: Animate Skeleton
  1704 | D:4      | Reached skill level 3 in Stealth
  1731 | D:4      | Reached skill level 3 in Dodging
  1731 | D:4      | Reached XP level 6. HP: 39/47 MP: 6/12
  1750 | D:4      | Found a staircase to the Ecumenical Temple.
  1756 | Temple   | Entered the Ecumenical Temple
  1794 | Temple   | Became a worshipper of the Wu Jian Council
  1886 | D:4      | Reached skill level 4 in Fighting
  1886 | D:4      | Reached skill level 4 in Dodging
  1908 | D:5      | Reached XP level 7. HP: 33/55 MP: 10/13
  1970 | D:5      | Found a bloodstained altar of Trog.
  1973 | D:5      | Found a hide-covered altar of Uskayaw.
  1979 | D:5      | Found a snail-covered altar of Cheibriados.
  1982 | D:5      | Found a radiant altar of Vehumet.
  2013 | D:5      | Reached skill level 5 in Fighting
  2146 | D:6      | Found Liyjuj's Antique Weapon Boutique.
  2172 | D:6      | Reached skill level 3 in Long Blades
  2176 | D:6      | Reached * piety under Wu Jian
  2186 | D:6      | Bought a runed long sword for 182 gold pieces
  2210 | D:6      | Reached skill level 4 in Long Blades
  2230 | D:6      | Mangled by a crocodile

Skill      XL: |  1  2  3  4  5  6  7 |
---------------+----------------------+-----
Spellcasting   | 3 4 |  4.4
Fighting       | 3 4 5 |  5.4
Stealth        | 1 3 |  3.2
Dodging        | 3 4 |  4.9
Long Blades    | 4 |  4.5
Armour         | |  1.2
Charms         | |  3.2

Action                   |  1- 3 |  4- 6 |  7- 9 || total
-------------------------+-------+-------+-------++-------
Melee: Falchion          |    62 |       |       ||    62
       Short sword       |    50 |   173 |       ||   223
       Dagger            |       |    53 |    41 ||    94
       Long sword        |       |       |     4 ||     4
Throw: Tomahawk          |       |       |     1 ||     1
 Cast: Infusion          |     8 |     5 |       ||    13
       Shroud of Golubri |     3 |    16 |     2 ||    21
       Regeneration      |     4 |     6 |     4 ||    14
       Song of Slaying   |       |     5 |       ||     5
       Spectral Weapon   |       |     5 |     3 ||     8
       Animate Skeleton  |       |       |     3 ||     3
Invok: Lunge             |       |     5 |     2 ||     7
Evoke: Wand              |       |       |     3 ||     3
  Use: Potion            |     1 |       |     1 ||     2
       Scroll            |       |       |     1 ||     1
 Stab: Sleeping          |       |     3 |     2 ||     5
  Eat: Chunk             |     1 |     6 |     4 ||    11
Armor: Leather armour    |    19 |    39 |     9 ||    67
Dodge: Dodged            |    63 |   145 |    35 ||   243
       Rpst.: Falchion   |    16 |       |       ||    16
       Long sword        |       |       |     2 ||     2

Table legend:
 A = Turns spent in this place as a percentage of turns spent in the entire game.
 B = Non-inter-level travel turns spent in this place as a percentage of non-inter-level travel turns spent in the entire game.
 C = Inter-level travel turns spent in this place as a percentage of turns spent in this place.
 D = Turns resting spent in this place as a percentage of non-inter-level travel turns spent in this place.
 E = Turns spent auto-exploring this place as a percentage of non-inter-level travel turns spent in this place.
 F = Non-inter-level travel turns spent in this place divided by the number of levels of this place that you've seen.
                   A       B       C       D       E      F
               +-------+-------+-------+-------+-------+----------------------
         Total | 100.0 | 100.0 |   1.5 |   0.0 |   0.0 | 313.7
       Dungeon |  97.9 |  98.4 |   1.1 |   0.0 |   0.0 | 360.0
        Temple |   2.1 |   1.6 |  23.4 |   0.0 |   0.0 |  36.0
               +-------+-------+-------+-------+-------+----------------------

Table legend:
 A = Kills in this place as a percentage of kills in entire the game.
 B = Kills by you in this place as a percentage of kills by you in the entire game.
 C = Kills by friends in this place as a percentage of kills by friends in the entire game.
 D = Other kills in this place as a percentage of other kills in the entire game.
 E = Experience gained in this place as a percentage of experience gained in the entire game.
 F = Experience gained in this place divided by the number of levels of this place that you have seen.
                   A       B       C       D       E      F
               +-------+-------+-------+-------+-------+----------------------
         Total | 100.0 | 100.0 | 100.0 |   N/A | 100.0 | 161.6
       Dungeon | 100.0 | 100.0 | 100.0 |   N/A | 100.0 | 188.5
               +-------+-------+-------+-------+-------+----------------------

Vault maps used:
D:1:      dpeg_cavernosity, palyth_stone_intersect, hex_intersection
D:2:      wad_pebble_path, minmay_ruptured
D:4:      minmay_temple_entry_enclosed_plants, first_ration, bh_walls_and_bars
D:5:      nicolae_ru_sacrificial_ziggurat, kennysheep_mini_moat,
          grunt_temple_overflow_cloverleaf
D:6:      grunt_temple_overflow_open, nicolae_ashenzari_panopticon,
          serial_shops, shop_fountains, serial_bayou_crossing
Temple:   hc_temple_tempest_star
